 Dungeon Crawl Stone Soup version 0.31-a0-83-gbff143cfd1 (webtiles) character file.

Game seed: 17263252174307315721

14290 juan097 the Cleaver (level 11, -15/89 HPs)
             Began as a Minotaur Fighter on May 24, 2023.
             Was a High Priest of Ru.
             Demolished by a large slime creature (34 damage)
             ... on level 12 of the Dungeon.
             The game lasted 00:24:05 (12115 turns).

juan097 the Cleaver (Minotaur Fighter)             Turns: 12115, Time: 00:24:05

Health: -15/89     AC: 14    Str: 24    XL:     11   Next: 86%
Magic:  0/8        EV: 15    Int:  5    God:    Ru [*****.]
Gold:   736        SH: 10    Dex: 11    Spells: 8/10 levels left

rFire   + . .        a - +0 war axe
rCold   + . .        m - +0 kite shield
rNeg    + . .        P - +0 acid dragon scales
rPois   +            e - -2 hat of the Alchemist {rElec rPois rF+ rC+ rN+ Will+ rMut rCorr}
rElec   +            J - +1 cloak
rCorr   +            N - +0 pair of gloves
SInv    .            (no boots)
Will    .....        c - amulet of guardian spirit
Stlth   ++           I - +5 ring of evasion
HPRegen 0.34/turn    A - +4 ring of protection
MPRegen 0.11/turn

%: resist mutation, guardian spirit
@: no status effects
A: horns 2, frail 1, low MP 1, inability to train dodging, weak-willed 1,
retaliatory headbutt
a: Renounce Religion, Draw Out Power, Power Leap, Apocalypse


You were on level 12 of the Dungeon.
You worshipped Ru.
Ru was extremely pleased with you.
You visited 2 branches of the dungeon, and saw 13 of its levels.

You collected 736 gold pieces.

Inventory:

Hand Weapons
 a - a +0 war axe (weapon)
 K - a +0 scimitar of flaming
Missiles
 f - 29 poisoned darts (quivered)
 l - 2 atropa-tipped darts
 x - 7 boomerangs
 B - 2 throwing nets
 D - 8 javelins
Armour
 e - the -2 hat of the Alchemist (worn) {rElec rPois rF+ rC+ rN+ Will+ rMut rCorr}
   (You acquired it on level 11 of the Dungeon)

   rF:        It protects you from fire.
   rC:        It protects you from cold.
   rElec:     It insulates you from electricity.
   rPois:     It protects you from poison.
   rN:        It protects you from negative energy.
   rCorr:     It protects you from acid and corrosion.
   rMut:      It protects you from mutation.
   Will:      It increases your willpower.
 m - a +0 kite shield (worn)
 J - a +1 cloak (worn)
 N - a +0 pair of gloves (worn)
 P - +0 acid dragon scales (worn)
Jewellery
 c - an amulet of guardian spirit (around neck)
 u - a ring of flight
 A - a +4 ring of protection (right hand)
 I - a +5 ring of evasion (left hand)
 O - a ring of protection from fire
Wands
 p - a wand of digging (5)
 y - a wand of flame (60)
 C - a wand of paralysis (20)
Scrolls
 b - a scroll of blinking
 o - 3 scrolls of noise {unknown}
 q - a scroll of immolation
 s - 3 scrolls of magic mapping {unknown}
 t - 2 scrolls of poison {unknown}
 F - a scroll of vulnerability {unknown}
 G - 2 scrolls of fog {unknown}
 L - a scroll of fear {unknown}
 M - 2 scrolls of amnesia {unknown}
Potions
 d - 4 potions of might
 g - 3 potions of haste
 h - 4 potions of enlightenment
 i - 4 potions of curing
 k - a potion of lignification
 r - a potion of resistance {unknown}
 v - 2 potions of attraction {unknown}
 w - 5 potions of heal wounds
 z - 2 potions of ambrosia {unknown}
 E - a potion of cancellation {unknown}


   Skills:
 + Level 9.8 Fighting
 * Level 12.8 Axes
 - Level 4.0 Throwing
 + Level 9.8 Armour
   Level 0.0 Dodging
 - Level 4.0 Stealth
 + Level 8.6 Shields
 - Level 6.0 Evocations


You had 8 spell levels left.
You knew the following spells:

 Your Spells              Type           Power      Damage    Failure   Level
a - Blink                 Tloc           0%         N/A       86%         2

Your spell library contained the following spells:

 Spells                   Type           Power      Damage    Failure   Level
 Apportation              Tloc           0%         N/A       75%         1
 Beastly Appendage        Tmut           0%         N/A       75%         1
 Necrotise                Necr           0%         1d4       75%         1
 Slow                     Hex            0%         N/A       75%         1
 Sting                    Tmut/Pois      0%         1d3       75%         1
 Summon Small Mammal      Summ           0%         N/A       75%         1
 Lesser Beckoning         Tloc           0%         N/A       86%         2
 Momentum Strike          Conj/Tloc      0%         3d8       86%         2
 Poisonous Vapours        Pois/Air       0%         N/A       86%         2
 Sublimation of Blood     Necr           0%         N/A       86%         2
 Wereblood                Tmut           0%         N/A       86%         2
 Confusing Touch          Hex            0%         N/A       98%         3
 Frozen Ramparts          Ice            0%         1d1       98%         3
 Spider Form              Tmut/Pois      0%         N/A       98%         3
 Vampiric Draining        Necr           0%         2d6       98%         3
 Volatile Blastmotes      Fire/Tloc      0%         2d10      98%         3
 Fulminant Prism          Conj/Hex       0%         3d5       100%        4
 Ice Form                 Ice/Tmut       0%         N/A       100%        4
 Iskenderun's Mystic Bla  Conj/Tloc      0%         2d3       100%        4
 Olgreb's Toxic Radiance  Pois           0%         N/A       100%        4
 Summon Ice Beast         Ice/Summ       0%         N/A       100%        4
 Lee's Rapid Deconstruct  Erth           0%         3d4*      100%        5
 Summon Hydra             Summ           0%         N/A       100%        7


Dungeon Overview and Level Annotations

Branches:
Dungeon (12/15)            Temple (1/1) D:5            Lair (0/5) D:9
    Orc (0/2) D:12

Altars:
Ashenzari
Cheibriados
Dithmenos
Elyvilon
Fedhas
Gozag
Hepliaklqana
Kikubaaqudgha
Makhleb
Nemelex Xobeh
Okawaru
Qazlal
Ru
Sif Muna
Trog
Uskayaw
Vehumet
Wu Jian
Xom
Yredelemnul
Zin
The Shining One

Shops:
D:3 =


Innate Abilities, Weirdness & Mutations

You have a pair of horns on your head.
You are frail. (-10% HP)
Your magical capacity is low. (-10% MP)
You cannot train Dodging skill.
You are slightly weak-willed. (Will-)
You reflexively headbutt those who attack you in melee.


Message History

A slime creature comes into view.
A slime creature is nearby!
A slime creature is nearby! 2 slime creatures come into view. 3 slime creatures come into view.
Found a scroll of identify.
The slime creature quivers. x2
A vampire comes into view.
The helpless slime creature fails to defend itself.
You slice the slime creature!! You headbutt the slime creature!
The slime creature is severely wounded.
You slash the slime creature! x2
The slime creature quivers. x2
You block the slime creature's attack.
Two slime creatures merge to form a large slime creature.
You block the slime creature's attack. The slime creature hits you.
Two slime creatures merge to form a large slime creature.
You hit the large slime creature.
The large slime creature is moderately wounded.
You slash the slime creature!
You hit the large slime creature but do no damage.
The slime creature hits you!
You slice the large slime creature!!
Your headbutt misses the large slime creature.
The large slime creature is heavily wounded.
You slash the slime creature!
You barely miss the large slime creature.
Two slime creatures merge to form a large slime creature.
You block the large slime creature's attack.
You slash the large slime creature!
Your headbutt misses the large slime creature.
The large slime creature is heavily wounded.
You hit the large slime creature. x2
You slash the large slime creature! You headbutt the large slime creature.
The large slime creature is severely wounded.
You slash the large slime creature! x2; The large slime creature hits you!! x2
* * * LOW HITPOINT WARNING * * *
You focus your inner power and slow the large slime creature in retribution!
The large slime creature hits you!!!
You die...

#..# #........ #...
#...##... #....
#...##... ######...
#........
#....##'###...#####
#...?#........#
#....#........#
#JJJ.#........#
#.@###...##...#
#........######
#.V.##...##...#....
#...####'##...#....
#.............#....
#.............#....
##..##........#....
##..#######...#....
#...##...##...#....


You could see 3 large slime creatures and a vampire.

Vanquished Creatures
  Josephine (D:11)
  A rakshasa (D:9)
  Erica (D:11)
  3 boulder beetles
  A two-headed ogre (D:11)
  An unseen horror (D:12)
  3 trolls (D:10)
  A hornet (D:7)
  A slime creature (D:9)
  A vampire (D:11)
  6 wraiths
  A yak (D:9)
  2 wyverns
  Grum (D:8)
  A steam dragon (D:9)
  9 vampire mosquitoes
  2 acid dragons
  3 water moccasins
  An ice beast (D:7)
  5 orc warriors
  3 ogres (D:6)
  8 centaurs
  4 wolves
  A phantom (D:5)
  2 kobold brigands
  3 gnoll sergeants
  9 bullfrogs
  7 scorpions
  6 wights
  4 killer bees (D:7)
  A howler monkey (D:9)
  2 hounds
  7 orc priests
  4 jellies
  Crazy Yiuf (D:7)
  5 iguanas
  A sleepcap (D:5)
  3 gnoll boudas
  Terence (D:2)
  13 orc wizards
  Robin (D:3)
  8 adders
  27 gnolls
  2 white imps
  2 ufetubi (D:5)
  A worm (D:5)
  A dart slug (D:2)
  53 orcs
  8 ball pythons
  11 endoplasms
  3 giant cockroaches
  14 goblins
  11 hobgoblins
  4 jackals (D:1)
  14 kobolds
  4 quokkas
  10 bats
  2 frilled lizards (D:1)
  5 rats
311 creatures vanquished.

Vanquished Creatures (others)
  A two-headed ogre (D:9)
  An orc (D:12)
2 creatures vanquished.

Grand Total: 313 creatures vanquished

Notes
Turn   | Place    | Note
-------+----------+-------------------------------------------
     0 | D:1      | juan097 the Minotaur Fighter began the quest for the Orb.
     0 | D:1      | Reached XP level 1. HP: 19/19 MP: 0/0
    81 | D:1      | Reached XP level 2. HP: 24/27 MP: 1/1
   300 | D:1      | Reached skill level 3 in Axes
   412 | D:1      | Reached skill level 1 in Dodging
   530 | D:1      | Reached XP level 3. HP: 30/33 MP: 2/2
   718 | D:2      | Learned a level 2 spell: Blink
   900 | D:2      | Noticed Terence
   912 | D:2      | Killed Terence
   913 | D:2      | Reached XP level 4. HP: 40/40 MP: 3/3
  1494 | D:3      | Reached skill level 4 in Axes
  1527 | D:3      | Noticed Robin
  1532 | D:3      | Killed Robin
  1533 | D:3      | Reached XP level 5. HP: 33/47 MP: 4/4
  1770 | D:3      | Found Jomaha's Jewellery Emporium.
  1773 | D:3      | Identified the +0 robe "Zemas" {rPois Int+4 Dex-3 SInv}
  2250 | D:3      | Reached XP level 6. HP: 50/53 MP: 5/5
  2364 | D:4      | Reached skill level 5 in Axes
  2494 | D:4      | Reached skill level 5 in Fighting
  2494 | D:4      | Reached skill level 5 in Armour
  2750 | D:5      | Entered Level 5 of the Dungeon
  2783 | D:5      | Found a staircase to the Ecumenical Temple.
  2853 | D:5      | Reached skill level 1 in Evocations
  2863 | Temple   | Entered the Ecumenical Temple
  3077 | Temple   | Became a worshipper of Ru the Awakened
  3114 | D:5      | Reached XP level 7. HP: 48/61 MP: 6/6
  3169 | D:5      | Reached skill level 5 in Shields
  3320 | D:5      | Reached skill level 1 in Throwing
  3320 | D:5      | Reached skill level 1 in Stealth
  3426 | D:5      | Reached skill level 6 in Axes
  3600 | D:5      | Found a glowing silver altar of Zin.
  3612 | D:5      | Found a radiant altar of Vehumet.
  3874 | D:6      | Reached XP level 8. HP: 70/70 MP: 7/7
  4076 | D:6      | Gained mutation: You are slightly weak-willed. (Will-) [Ru
                  | sacrifice]
  4076 | D:6      | Reached * piety under Ru
  4266 | D:6      | Reached skill level 7 in Axes
  4890 | D:7      | Reached XP level 9. HP: 78/78 MP: 8/8
  5221 | D:7      | Found a runed translucent door.
  5222 | D:7      | Noticed Crazy Yiuf
  5227 | D:7      | Paralysed by Crazy Yiuf for 3 turns
  5230 | D:7      | Killed Crazy Yiuf
  5545 | D:7      | Reached skill level 8 in Axes
  5918 | D:7      | Reached skill level 5 in Dodging
  6353 | D:8      | Noticed Grum
  6676 | D:8      | Killed Grum
  6881 | D:8      | Reached skill level 9 in Axes
  6899 | D:8      | Gained mutation: You cannot train Dodging skill. [Ru
                  | sacrifice]
  6899 | D:8      | Reached ** piety under Ru
  6899 | D:8      | Reached *** piety under Ru
  7079 | D:8      | Reached XP level 10. HP: 86/86 MP: 9/9
  7723 | D:9      | Found a staircase to the Lair.
  8356 | D:9      | Noticed a rakshasa
  8389 | D:9      | Killed a rakshasa
  8390 | D:9      | Reached skill level 10 in Axes
  8560 | D:9      | Noticed a two-headed ogre
  8562 | D:9      | Noticed a boulder beetle
  8588 | D:9      | Killed a boulder beetle
  8602 | D:9      | Reached skill level 5 in Evocations
  8623 | D:9      | Killed a two-headed ogre
  8782 | D:9      | Reached skill level 11 in Axes
  8790 | D:9      | Reached XP level 11. HP: 39/95 MP: 10/10
  8998 | D:10     | Entered Level 10 of the Dungeon
 10007 | D:11     | Gained mutation: You are frail. (-10% HP) [Ru sacrifice]
 10007 | D:11     | Reached **** piety under Ru
 10214 | D:11     | Noticed Josephine
 10263 | D:11     | Noticed a two-headed ogre
 10296 | D:11     | Killed Josephine
 10308 | D:11     | Killed a two-headed ogre
 10309 | D:11     | Reached skill level 12 in Axes
 10463 | D:11     | Noticed a boulder beetle
 10479 | D:11     | Killed a boulder beetle
 10886 | D:11     | Noticed Erica
 10924 | D:11     | Killed Erica
 11350 | D:11     | Identified a scroll of acquirement
 11351 | D:11     | Acquired the -2 hat of the Alchemist {rElec rPois rF+ rC+
                  | rN+ Will+ rMut rCorr}
 11351 | D:11     | Found the -2 hat of the Alchemist {rElec rPois rF+ rC+ rN+
                  | Will+ rMut rCorr}
 11491 | D:12     | Noticed a boulder beetle
 11603 | D:11     | Killed a boulder beetle
 11714 | D:12     | Found a staircase to the Orcish Mines.
 12053 | D:12     | Gained mutation: Your magical capacity is low. (-10% MP)
                  | [Ru sacrifice]
 12053 | D:12     | Reached ***** piety under Ru
 12115 | D:12     | Demolished by a large slime creature

Illustrated notes

Levels and vault maps discovered:
D:1:      minmay_arrival_checkered_box, layout_loops_ring
D:2:      layout_loops_cross, minmay_misc_feat_rugged, uniq_terence
D:3:      layout_rooms, serial_shops, shop, uniq_robin
D:4:      layout_cave_pools
D:5:      minmay_recursive_quarters, layout_basic,
          mainiacjoe_overflow_catwalk_spiral, minmay_temple_entry_mist
D:6:      layout_gridville
D:7:      layout_loops_ring, uniq_crazy_yiuf_cottage
D:8:      layout_loops_ring, uniq_grum
D:9:      layout_irregular_city, dpeg_oklobed_lair, serial_column_ruins,
          column_ruins_courtyard_long, column_ruins_open_tiny,
          column_ruins_columns_dead_end, column_ruins_grid_1,
          column_ruins_grid_1, column_ruins_grid_1, evilmike_minifort
D:10:     layout_long_grid
D:11:     layout_layer_cave, kennysheep_nub, hangedman_decor_diamond_cutter,
          uniq_erica, uniq_josephine
D:12:     layout_gridville, hiddenorc2_lemuel
Temple:   nicolae_temple_slightly_damp_pantheon

Skill      XL: |  1  2  3  4  5  6  7  8  9 10 11 |
---------------+----------------------------------+-----
Axes           | 3 4 5 6 7 9 11 12 | 12.8
Dodging        | 1 2 3 4 0 |  0.0
Fighting       | 4 5 6 7 8 9 |  9.8
Armour         | 4 5 6 7 8 9 |  9.8
Shields        | 4 5 6 7 8 |  8.6
Evocations     | 1 2 4 5 6 |  6.0
Throwing       | 1 2 4 |  4.0
Stealth        | 1 2 3 4 |  4.0

Action                     |  1- 3 |  4- 6 |  7- 9 | 10-12 || total
---------------------------+-------+-------+-------+-------++-------
  Melee: War axe           |    98 |   125 |   352 |   408 ||   983
         Headbutt          |     9 |    21 |    69 |    77 ||   176
  Throw: Dart              |     1 |     5 |    32 |    30 ||    68
         Boomerang         |       |       |     6 |    29 ||    35
 Invoke: Sacrifice Essence |       |       |     1 |     1 ||     2
         Sacrifice Nimblen |       |       |     1 |       ||     1
         Sacrifice Health  |       |       |       |     1 ||     1
  Evoke: Wand              |       |       |       |     5 ||     5
    Use: Scroll            |       |       |     6 |     4 ||    10
         Potion            |       |       |     3 |       ||     3
   Stab: Paralysed         |       |       |       |     7 ||     7
         Invisible         |       |       |       |     5 ||     5
         Sleeping          |       |       |       |     2 ||     2
         Distracted        |       |       |       |     1 ||     1
 Armour: Scale mail        |    41 |       |       |       ||    41
         Skin              |     2 |       |       |       ||     2
         Ring mail         |       |    55 |   122 |    67 ||   244
         Acid dragon scale |       |       |       |    72 ||    72
  Dodge: Dodged            |    57 |    91 |   200 |   195 ||   543
  Block: Buckler           |    23 |    28 |    75 |    18 ||   144
         Kite shield       |       |       |       |   156 ||   156

Table legend: (Time is in decaauts)
 A = Elapsed time spent in this place.
 B = Non-inter-level travel time spent in this place.
 C = Inter-level travel time spent in this place.
 D = Time resting spent in this place.
 E = Time spent auto-exploring this place.
 F = Levels seen in this place.
 G = Mean time per level.
                   A        B        C        D        E       F      G
               +--------+--------+--------+--------+--------+-----+--------+
         Total |  12273 |  11934 |    339 |    472 |   8739 |  13 |  944.1 |
       Dungeon |  12045 |  11736 |    309 |    472 |   8595 |  12 | 1003.8 |
        Temple |    228 |    198 |     30 |      0 |    144 |   1 |  228.0 |
               +--------+--------+--------+--------+--------+-----+--------+

Top non-repeatable levels by time:
     D:7: 1670 daAuts
    D:11: 1627 daAuts
     D:9: 1491 daAuts
     D:8: 1053 daAuts
     D:6: 982 daAuts
    D:10: 941 daAuts
     D:5: 889 daAuts
     D:3: 841 daAuts
     D:1: 740 daAuts
     D:2: 674 daAuts
     D:4: 570 daAuts
    D:12: 561 daAuts
  Temple: 228 daAuts
